 Dungeon Crawl Stone Soup version 0.26-a0-663-g36e8fdb655 (webtiles) character file.

Game seed: 424602803530451905

20734 Gamer54 the Tainter (level 12, -4/100 HPs)
             Began as a Yellow Draconian Venom Mage on Oct 12, 2020.
             Was an Elder of Nemelex Xobeh.
             Slain by a centaur warrior (8 damage)
             ... on level 14 of the Dungeon.
             The game lasted 01:06:35 (22802 turns).

Gamer54 the Tainter (Yellow Draconian Venom Mage)  Turns: 22802, Time: 01:06:35

Health: -4/100     AC: 14    Str:  8    XL:     12   Next: 48%
Magic:  30/30      EV: 16    Int: 23    God:    Nemelex Xobeh [****..]
Gold:   398        SH:  0    Dex: 16    Spells: 13/24 levels left

rFire    . . .     SeeInvis .   b - +8 quarterstaff "Komyl Bot" {venom, rPois MP+9 Str-4 Dex+5}
rCold    . . .     Faith    .   (shield currently unavailable)
rNeg     + . .     Spirit   .   (armour unavailable)
rPois    +         Reflect  .   (helmet restricted)
rElec    .         Harm     .   o - +1 cloak
rCorr    +         Rampage  .   j - +2 pair of gloves
MR       ++...                  H - +0 pair of boots
Stlth    ++........             (no amulet)
HPRegen  0.26/turn              J - ring of positive energy
MPRegen  0.22/turn              i - ring of the Mage {Wiz MR++ Int+3}

@: no status effects
A: spit acid, unfitting armour, cold-blooded, acid resistance, AC +8
a: Breathe Acid, Draw Escape, Draw Destruction, Draw Summoning, Triple Draw,
Deal Four, Renounce Religion


You were on level 14 of the Dungeon.
You worshipped Nemelex Xobeh.
Nemelex Xobeh was greatly pleased with you.
You visited 2 branches of the dungeon, and saw 15 of its levels.
You also visited: Bailey and Ice Cave.

You collected 966 gold pieces.
You spent 568 gold pieces at shops.

Inventory:

Hand Weapons
 a - a +4 spear of freezing
 b - the +8 quarterstaff "Komyl Bot" (weapon) {venom, rPois MP+9 Str-4 Dex+5}
   (You found it on level 11 of the Dungeon)

   It poisons the flesh of those it strikes.
   It affects your strength (-4).
   It affects your dexterity (+5).
   It protects you from poison.
   It affects your magic capacity (+9).
Missiles
 c - 559 stones
 p - 58 boomerangs
 t - 34 poisoned darts (quivered)
 Q - 7 silver javelins
Armour
 j - a +2 pair of gloves (worn)
 o - a +1 cloak (worn)
 w - the +8 tower shield of the Jabberwock {rElec Regen+}
   (You found it on level 4 of the Dungeon)

   It insulates you from electricity.
   It increases your rate of regeneration.
 H - a +0 pair of boots (worn)
Jewellery
 e - an uncursed ring of flight
 h - an uncursed ring of protection from fire
 i - the ring of the Mage (right hand) {Wiz MR++ Int+3}
   (You bought it in a shop on level 6 of the Dungeon)

   [ring of wizardry]

   It improves your spell success rate.
   It affects your intelligence (+3).
   It affects your resistance to hostile enchantments.
 J - a ring of positive energy (left hand)
Wands
 C - a wand of paralysis (27)
 D - a wand of enslavement (8)
 E - a wand of random effects (18)
 K - a wand of flame (17)
 L - a wand of polymorph (8)
 N - a wand of digging (5)
Scrolls
 d - 9 scrolls of remove curse
 f - 3 scrolls of fog
 l - a scroll of identify
 m - 11 scrolls of teleportation
 r - 5 scrolls of magic mapping
 u - 5 scrolls of amnesia
 F - a scroll of silence
 G - a scroll of summoning
 P - a scroll of enchant armour
Potions
 k - a potion of resistance {unknown}
 n - 4 potions of flight
 q - 5 potions of curing {unknown}
 s - 2 potions of lignification {unknown}
 v - 2 potions of stabbing {unknown}
 z - a potion of magic {unknown}
 A - 2 potions of degeneration {unknown}
 B - 3 potions of brilliance {unknown}
 I - a potion of haste {unknown}
 M - 4 potions of ambrosia {unknown}
 O - 3 potions of berserk rage {unknown}
Miscellaneous
 x - a box of beasts (1/3)
 y - a phial of floods


   Skills:
 + Level 7.3 Fighting
 + Level 6.3 Polearms
 + Level 4.7 Throwing
 + Level 6.4 Dodging
 - Level 1.7 Stealth
 + Level 6.1 Shields
 + Level 6.5 Spellcasting
 + Level 1.1 Conjurations
 + Level 6.7 Transmutations
 + Level 6.2 Fire Magic
 + Level 0.9 Earth Magic
 * Level 10.0 Poison Magic
 + Level 4.6 Invocations


You had 13 spell levels left.
You knew the following spells:

 Your Spells              Type           Power        Failure   Level
a - Sting                 Tmut/Pois      ####         1%          1
b - Ignite Poison         Fire/Tmut/Pois #####...     1%          3
c - Olgreb's Toxic Radia  Pois           ######..     1%          4
d - Stone Arrow           Conj/Erth      ##....       6%          3

Your spell library contained the following spells:

 Spells                   Type           Power        Failure   Level
 Passwall                 Tmut/Erth      ####....     1%          2
 Poisonous Vapours        Pois/Air       ####..       1%          2
 Sandblast                Erth           ##....       2%          1
 Mephitic Cloud           Conj/Pois/Air  ###.....     2%          3
 Animate Skeleton         Necr           #.....       3%          1
 Pain                     Necr           #...         3%          1
 Petrify                  Tmut/Erth      ####....     7%          4
 Confusing Touch          Hex            #.......     10%         3
 Gell's Gravitas          Tloc           #.........   10%         3
 Vampiric Draining        Necr           #.........   10%         3
 Yara's Violent Unravell  Hex/Tmut       ###.......   22%         5
 Animate Dead             Necr           #.........   32%         4
 Lee's Rapid Deconstruct  Erth           ##........   50%         5
 Agony                    Necr           #.......     63%         5
 Metabolic Englaciation   Hex/Ice        #.........   63%         5


Dungeon Overview and Level Annotations

Branches:
Dungeon (14/15)            Temple (1/1) D:7            Lair (0/6) D:9
    Orc (0/2) D:11         Bailey (visited)           IceCv (visited)
 Vaults: D:13-14

Altars:
Ashenzari
Cheibriados
Dithmenos
Elyvilon
Fedhas
Gozag
Hepliaklqana
Kikubaaqudgha
Makhleb
Nemelex Xobeh
Okawaru
Qazlal
Ru
Sif Muna
Trog
Uskayaw
Vehumet
Wu Jian
Xom
Yredelemnul
Zin
The Shining One

Shops:
D:6 =   D:8 :   D:11 (   D:13 :

Annotations:
D:5 3 runed translucent doors, Ijyb; tacoguy's ghost, novice MiFi


Innate Abilities, Weirdness & Mutations

You can spit globs of acid.
Your golden yellow scales are hard. (AC +8)
You cannot fit into any form of body armour.
You are cold-blooded and may be slowed by cold attacks.
You are resistant to acid. (rCorr)


Message History

The centaur warrior shoots an arrow.
The arrow hits your yaktaur!
The centaur warrior shoots an arrow.
The arrow hits your yaktaur!!
The centaur warrior shoots an arrow.
The arrow hits your yaktaur.
The centaur warrior shoots an arrow.
The arrow hits your yaktaur!
Your yaktaur dies!
Your yaktaur's corpse disappears in a puff of smoke!
The centaur warrior shoots an arrow.
The arrow hits your yaktaur!!
The centaur warrior shoots an arrow.
The arrow hits your yaktaur!
The centaur warrior unwields a +0 shortbow.
The centaur warrior hits your yaktaur!
Your yaktaur dies!
Your yaktaur's corpse disappears in a puff of smoke!
The centaur warrior closely misses you. The centaur warrior hits you!
* * * LOW HITPOINT WARNING * * *
You see here 2 arrows.
You sock the centaur warrior!
The centaur warrior is almost dead.
The centaur warrior hits you!
You die...
Your body disappears without a glow.

*,,,,,,,,,,,,,,,,*
*...........,,...#
#...........,,,..#
...........,,,,..#
...,.....#*****#.#
.#***#†..# #.#
.#####...#######.##
..................#
.....(.((÷(...(c@.#
.............(((..#
..............(...#
.............$...##
.................#
.......########..#
.......# #..#
.......# #..#
,,,,,,,* #..#


You could see a centaur warrior.

Vanquished Creatures
  A boulder beetle (D:14)
  4 two-headed ogres
  An unseen horror (D:10)
  A wolf spider (D:12)
  2 orc knights (Bailey)
  A cyclops (D:12)
  A centaur zombie (D:10)
  A torpor snail (D:12)
  An eye of devastation (D:12)
  Maggie (D:5)
  2 polar bears (IceCv)
  2 trolls
  2 hornets
  8 slime creatures
  Sigmund (D:5)
  2 wyverns
  A basilisk (D:12)
  2 wraiths
  Eustachio (D:5)
  10 yaks
  2 vampire mosquitoes (D:11)
  3 wargs (D:8)
  A water moccasin (D:11)
  Duvessa (D:6)
  13 orc warriors
  2 ice beasts
  2 black bears
  4 phantoms
  An eye of draining (D:12)
  5 sky beasts
  6 ogres
  3 necrophages (D:9)
  4 wolves (IceCv)
  2 centaurs (D:6)
  Blork the orc (D:5)
  6 bullfrogs
  Dowan (D:6)
  4 scorpions
  11 killer bees
  4 wights
  4 howler monkeys
  A bullfrog zombie (D:5)
  3 jellies
  A quasit (D:7)
  5 bullfrog skeletons
  8 hounds
  3 centaur skeletons
  6 orc priests
  An iguana (D:8)
  Crazy Yiuf (D:2)
  Jessica (D:7)
  8 orc wizards
  19 worker ants
  A hound zombie (D:9)
  3 worker ant zombies
  9 gnolls
  11 adders
  3 shadow imps
  13 white imps
  2 ufetubi
  An ooze (D:6)
  An adder zombie (D:9)
  2 adder skeletons
  3 worms
  A dart slug (D:4)
  5 leopard geckos
  36 orcs
  2 giant cockroaches
  14 goblins
  10 hobgoblins
  11 jackals
  18 kobolds
  3 quokkas
  3 ball pythons
  7 bats
  3 frilled lizards
  A jackal skeleton (D:5)
  2 leopard gecko skeletons
  A leopard gecko zombie (D:6)
  A quokka skeleton (D:4)
  6 rats
  4 bushes (D:9)
359 creatures vanquished.

Vanquished Creatures (collateral kills)
  A komodo dragon (D:14)
  A vampire mosquito (D:9)
  An acid dragon (D:14)
  A wight (D:8)
  2 white imps (D:14)
6 creatures vanquished.

Vanquished Creatures (others)
  3 bushes (D:9)
  11 plants (D:9)
14 creatures vanquished.

Grand Total: 379 creatures vanquished

Notes
Turn   | Place    | Note
-------+----------+-------------------------------------------
     0 | D:1      | Gamer54 the Draconian Venom Mage began the quest for the
                  | Orb.
     0 | D:1      | Reached XP level 1. HP: 14/14 MP: 3/3
   431 | D:1      | Reached XP level 2. HP: 11/22 MP: 0/5
  1010 | D:1      | Found a broken altar of Ashenzari.
  1149 | D:2      | Reached XP level 3. HP: 26/27 MP: 2/6
  1358 | D:2      | Reached skill level 1 in Fighting
  1762 | D:2      | Found a bloodstained altar of Trog.
  2126 | D:2      | Found a runed translucent door.
  2127 | D:2      | Noticed Crazy Yiuf
  2186 | D:2      | Reached XP level 4. HP: 35/35 MP: 5/7
  2274 | D:2      | Killed Crazy Yiuf
  2869 | D:3      | Reached skill level 4 in Poison Magic
  3493 | D:4      | Reached XP level 5. HP: 41/41 MP: 5/9
  3638 | D:4      | Learned a level 3 spell: Ignite Poison
  3643 | D:4      | Learned a level 4 spell: Olgreb's Toxic Radiance
  3673 | D:4      | Reached skill level 1 in Polearms
  4215 | D:4      | Got a heavily runed tower shield
  4216 | D:4      | Identified the +8 tower shield of the Jabberwock {rElec
                  | Regen+} (You found it on level 4 of the Dungeon)
  4302 | D:4      | Reached XP level 6. HP: 48/48 MP: 8/10
  5126 | D:5      | Entered Level 5 of the Dungeon
  5299 | D:5      | Found a large runed translucent door.
  5299 | D:5      | Found a large runed translucent door.
  5299 | D:5      | Noticed tacoguy's ghost (novice MiFi)
  5327 | D:5      | Noticed Blork the orc
  5338 | D:5      | Killed Blork the orc
  5338 | D:5      | Reached skill level 1 in Shields
  5338 | D:5      | Reached skill level 1 in Fire Magic
  5338 | D:5      | Your scales start taking on a golden yellow colour.
  5338 | D:5      | Reached XP level 7. HP: 49/56 MP: 2/11
  5338 | D:5      | Gained mutation: You are resistant to acid. (rCorr) [Yellow
                  | Draconian growth]
  5468 | D:5      | Found a glowing silver altar of Zin.
  5530 | D:5      | Reached skill level 5 in Poison Magic
  5621 | D:5      | Found an ancient bone altar of Kikubaaqudgha.
  5648 | D:5      | Noticed Sigmund
  5660 | D:5      | Killed Sigmund
  5811 | D:5      | Noticed Eustachio
  5820 | D:5      | Killed Eustachio
  5988 | D:5      | Found a runed translucent door.
  5992 | D:5      | Noticed Ijyb
  6045 | D:6      | Noticed Maggie
  6056 | D:5      | Killed Maggie
  6056 | D:5      | Reached XP level 8. HP: 45/63 MP: 6/13
  6533 | D:6      | Reached skill level 6 in Poison Magic
  6717 | D:6      | Noticed Duvessa
  6724 | D:6      | Killed Duvessa
  6735 | D:6      | Noticed Dowan
  6742 | D:6      | Killed Dowan
  7395 | D:6      | Found Aqynkyme's Jewellery Boutique.
  7416 | D:6      | Reached XP level 9. HP: 48/71 MP: 8/15
  7957 | D:7      | Found a flagged portal.
  7962 | Bailey   | Entered a bailey
  7968 | Bailey   | Noticed an orc knight
  7997 | Bailey   | Noticed an orc knight
  8000 | Bailey   | Reached skill level 1 in Throwing
  8082 | Bailey   | Killed an orc knight
  8082 | Bailey   | Reached skill level 7 in Poison Magic
  8207 | Bailey   | Identified the +6 shortbow of Kuashrol {venom, Int+2}
  8953 | Bailey   | Killed an orc knight
  8953 | Bailey   | Reached skill level 5 in Fighting
  9896 | D:7      | Reached XP level 10. HP: 81/81 MP: 10/17
 10356 | D:7      | Found a staircase to the Ecumenical Temple.
 10425 | Temple   | Entered the Ecumenical Temple
 10659 | Temple   | Became a worshipper of Nemelex Xobeh the Trickster
 10962 | D:7      | Found a shadowy altar of Dithmenos.
 11104 | D:7      | Noticed Jessica
 11112 | D:7      | Killed Jessica
 11160 | D:7      | Found a shimmering blue altar of Sif Muna.
 11390 | D:8      | Reached skill level 5 in Spellcasting
 11458 | D:8      | Reached skill level 5 in Transmutations
 11726 | D:6      | Bought the ring of the Mage {Wiz MR++ Int+3} for 568 gold
                  | pieces
 11726 | D:6      | Found the ring of the Mage {Wiz MR++ Int+3}
 12067 | D:8      | Reached * piety under Nemelex Xobeh
 12211 | D:8      | Received a gift from Nemelex Xobeh
 12570 | D:8      | Found Coergh's Book Emporium.
 13229 | D:8      | Reached skill level 8 in Poison Magic
 13229 | D:8      | Reached skill level 1 in Invocations
 13494 | D:8      | Reached skill level 5 in Dodging
 13718 | D:9      | Found a staircase to the Lair.
 14095 | D:9      | Noticed a two-headed ogre
 14109 | D:9      | Killed a two-headed ogre
 14109 | D:9      | Reached skill level 5 in Polearms
 14620 | D:9      | Found a blossoming altar of Fedhas.
 14690 | D:9      | Noticed a two-headed ogre
 14696 | D:9      | Killed a two-headed ogre
 15332 | D:9      | Noticed a two-headed ogre
 15337 | D:9      | Killed a two-headed ogre
 15337 | D:9      | Reached skill level 5 in Fire Magic
 15337 | D:9      | Reached XP level 11. HP: 89/89 MP: 10/19
 15731 | D:9      | Learned a level 3 spell: Stone Arrow
 15989 | D:10     | Entered Level 10 of the Dungeon
 16002 | D:10     | Reached ** piety under Nemelex Xobeh
 16104 | D:10     | Reached skill level 5 in Shields
 17056 | D:10     | Killed an unseen horror
 17228 | D:10     | Reached skill level 9 in Poison Magic
 17977 | D:11     | Found Oghaddyi's Antique Weapon Shop.
 18060 | D:11     | Found a staircase to the Orcish Mines.
 18089 | D:11     | Received a gift from Nemelex Xobeh
 18276 | D:11     | Reached *** piety under Nemelex Xobeh
 18434 | D:11     | Got a bloodstained quarterstaff
 18435 | D:11     | Identified the +8 quarterstaff "Komyl Bot" {venom, rPois
                  | MP+9 Str-4 Dex+5} (You found it on level 11 of the Dungeon)
 18479 | D:11     | Noticed a two-headed ogre
 18486 | D:11     | Killed a two-headed ogre
 19926 | D:12     | Noticed a wolf spider
 19926 | D:12     | a slime creature changed into a wolf spider
 19930 | D:12     | Killed a wolf spider
 20079 | D:12     | Reached XP level 12. HP: 82/96 MP: 21/21
 20216 | D:12     | Received a gift from Nemelex Xobeh
 21317 | D:13     | Reached **** piety under Nemelex Xobeh
 21365 | D:13     | Identified the -1 hand axe of Bloodstone {flame, Int+3}
 21593 | D:13     | Received a gift from Nemelex Xobeh
 21838 | D:13     | Found Ylasusih's Book Shop.
 22201 | D:14     | Noticed a boulder beetle
 22211 | D:14     | Killed a boulder beetle
 22235 | D:14     | Reached skill level 10 in Poison Magic
 22362 | D:14     | Found a frozen archway.
 22379 | D:14     | Noticed a centaur warrior
 22390 | IceCv    | Entered an ice cave
 22401 | IceCv    | Reached skill level 1 in Conjurations
 22801 | D:14     | HP: 4/100 [centaur warrior (9)]
 22802 | D:14     | Slain by a centaur warrior

Illustrated notes

Levels and vault maps discovered:
D:1:      dpeg_arrival_lava_altar, layout_basic, minmay_misc_feat_hallway,
          minmay_vboxes
D:2:      layout_basic, bloody_trog, minmay_misc_feat_diagonals,
          uniq_crazy_yiuf_cottage
D:3:      layout_loops_ring
D:4:      layout_loops_cross
D:5:      layout_basic, lemuel_doored_altar, basic_altar,
          ebering_ghost_disaster_area, chequers_mini_garden,
          lightli_church_of_beogh, uniq_eustachio, uniq_sigmund,
          uniq_blork_the_orc, uniq_ijyb
D:6:      layout_loops_ring, serial_shops, kennysheep_little_box,
          minmay_misc_feat_iff, uniq_duvessa, uniq_maggie
D:7:      wander_river, layout_layer_cave, kennysheep_mini_moat,
          minmay_temple_entry_butterflies, enter_bailey_1, tgw_sif
D:8:      layout_basic, serial_shops, shop, zaba_anthole
D:9:      layout_basic, fedhas_altar_decomposition, erik_lair_orcish_takeover,
          minmay_diamond_spiral
D:10:     layout_layer_cave, amethyst_killhole, minmay_tree_intersection
D:11:     layout_cave_pods, orc_0_dummy, serial_shops, shop
D:12:     layout_gridville, serial_glass, glass_columns_c, glass_columns_c,
          glass_columns_a, glass_columns_b, glass_columns_c, glass_columns_b,
          due_unseen_surprise, minmay_strange_pillars, item_on_display_a
D:13:     layout_roguey, serial_shops, nicolae_shop_stone
D:14:     layout_long_grid, david_vaults_4, chequers_serial_rivers_micro_e,
          serial_shops, kennysheep_mini, portal_ice_cave_entry_imps,
          ploomutoo_gammafunk_ghost_potion_laboratory
Temple:   hc_temple_tempest_star

Skill      XL: |  1  2  3  4  5  6  7  8  9 10 11 12 |
---------------+-------------------------------------+-----
Dodging        | 2 3 4 5 6 |  6.4
Fighting       | 1 2 3 4 5 6 7 |  7.3
Poison Magic   | 4 5 6 7 8 9 10 | 10.0
Transmutations | 2 3 4 5 6 |  6.7
Polearms       | 1 2 3 4 5 6 |  6.3
Spellcasting   | 3 4 5 6 |  6.5
Shields        | 1 2 3 4 5 6 |  6.1
Fire Magic     | 1 2 3 4 5 6 |  6.2
Throwing       | 2 3 4 |  4.7
Invocations    | 2 3 4 |  4.6
Conjurations   | 1 |  1.1
Stealth        | |  1.7
Earth Magic    | |  0.9

Action                   |  1- 3 |  4- 6 |  7- 9 | 10-12 || total
-------------------------+-------+-------+-------+-------++-------
Melee: Spear             |    56 |   109 |   178 |   576 ||   919
       Short sword       |     5 |       |       |       ||     5
       Tailslap          |     3 |     9 |    14 |    76 ||   102
       Quarterstaff      |       |       |       |   115 ||   115
Throw: Stone             |     6 |    34 |    56 |       ||    96
       Dart              |       |       |    50 |    21 ||    71
       Boomerang         |       |       |     1 |       ||     1
 Cast: Sting             |    54 |    88 |   120 |   151 ||   413
       Ignite Poison     |       |     2 |    13 |    36 ||    51
       Olgreb's Toxic Ra |       |     1 |     6 |    43 ||    50
       Stone Arrow       |       |       |       |     5 ||     5
Invok: Draw Destruction  |       |       |       |    17 ||    17
       Draw Summoning    |       |       |       |     7 ||     7
 Abil: Evoke Flight      |       |       |     4 |       ||     4
Evoke: Box of beasts     |       |       |       |     4 ||     4
       Phial of floods   |       |       |       |     1 ||     1
  Use: Scroll            |       |     1 |    15 |    10 ||    26
       Potion            |       |       |       |     2 ||     2
 Stab: Sleeping          |       |       |       |     2 ||     2
Armor: Skin              |    13 |    33 |    86 |   226 ||   358
Dodge: Dodged            |    48 |    88 |   154 |   440 ||   730

Table legend: (Time is in decaauts)
 A = Elapsed time spent in this place.
 B = Non-inter-level travel time spent in this place.
 C = Inter-level travel time spent in this place.
 D = Time resting spent in this place.
 E = Time spent auto-exploring this place.
 F = Levels seen in this place.
 G = Mean time per level.
                   A        B        C        D        E       F      G
               +--------+--------+--------+--------+--------+-----+--------+
         Total |  22806 |  22004 |    802 |   4863 |  13454 |  17 | 1341.5 |
       Dungeon |  20458 |  19667 |    791 |   3581 |  12914 |  14 | 1461.3 |
        Temple |    246 |    235 |     11 |      0 |    206 |   1 |  246.0 |
        Bailey |   1697 |   1697 |      0 |   1215 |     61 |   1 | 1697.0 |
      Ice Cave |    402 |    402 |      0 |     66 |    273 |   1 |  402.0 |
               +--------+--------+--------+--------+--------+-----+--------+

Top non-repeatable levels by time:
     D:9: 2612 daAuts
     D:7: 1931 daAuts
     D:6: 1862 daAuts
    D:10: 1779 daAuts
  Bailey: 1697 daAuts
     D:8: 1674 daAuts
    D:12: 1591 daAuts
     D:3: 1416 daAuts
    D:11: 1384 daAuts
     D:2: 1372 daAuts
     D:4: 1301 daAuts
    D:13: 1250 daAuts
     D:1: 1052 daAuts
     D:5: 1020 daAuts
   IceCv: 402 daAuts
